 Dungeon Crawl Stone Soup version 0.30.0 (webtiles) character file.

Game seed: 9625140119237009819

95 apoch the Poker (level 4, -2/35 HPs)
             Began as a Merfolk Fighter on May 5, 2023.
             Slain by a gnoll
             ... wielding a +0 flail
              (6 damage)
             ... on level 2 of the Dungeon.
             The game lasted 00:03:28 (935 turns).

apoch the Poker (Merfolk Fighter)                    Turns: 935, Time: 00:03:28

Health: -2/35      AC: 10    Str: 18    XL:     4   Next: 65%
Magic:  4/4        EV:  7    Int:  7    God:
Gold:   42         SH:  4    Dex: 13    Spells: 3/3 levels left

rFire   . . .        a - +0 trident
rCold   . . .        c - +0 buckler
rNeg    . . .        o - +0 chain mail
rPois   .            (no helmet)
rElec   .            i - +0 cloak
rCorr   .            h - +0 pair of gloves
SInv    .            (no boots)
Will    .....        (no amulet) Stlth
                     (no ring)
HPRegen 0.25/turn    (no ring)
MPRegen 0.09/turn

%: no passive effects
@: no status effects
A: (nimble swimmer 2), mertail
a: no special abilities


You were on level 2 of the Dungeon.
You visited 1 branch of the dungeon, and saw 2 of its levels.

You collected 42 gold pieces.

Inventory:

Hand Weapons
 a - a +0 trident (weapon)
Missiles
 l - 3 curare-tipped darts
Armour
 b - a +0 scale mail
 c - a +0 buckler (worn)
 h - a +0 pair of gloves (worn)
 i - a +0 cloak (worn)
 o - a +0 chain mail (worn)
Scrolls
 f - 2 scrolls of teleportation {unknown}
 g - a scroll of immolation {unknown}
 j - a scroll of amnesia {unknown}
 m - a scroll of magic mapping {unknown}
 n - a scroll of enchant armour {unknown}
Potions
 d - a potion of might
 e - 2 potions of heal wounds {unknown}
 k - a potion of magic {unknown}


   Skills:
 - Level 3.2 Fighting
 + Level 6.3 Polearms
 - Level 2.1 Armour
 - Level 3.0 Shields


You had 3 spell levels left.
You didn't know any spells.
Your spell library was empty.

Dungeon Overview and Level Annotations

Branches:
Dungeon (2/15)

Altars:


Innate Abilities, Weirdness & Mutations

((You are very nimble when in or above water. (Stealth+, EV+, Speed+++)))
Your lower body shifts to a powerful aquatic tail in water.


Message History

There is an open door here.
You hit the gnoll.
The gnoll is lightly wounded.
The gnoll hits you with a +0 whip.
You barely miss the gnoll.
The gnoll is lightly wounded.
You block the gnoll's attack.
You puncture the gnoll!
The gnoll is severely wounded.
You hit the gnoll.
The gnoll is almost dead.
The gnoll hits you but does no damage. The gnoll barely misses you.
You barely miss the gnoll.
The gnoll is severely wounded.
The gnoll hits you with a +0 whip. The gnoll barely misses you.
You block the gnoll's attack.
You hit the gnoll.
You kill the gnoll!
The gnoll hits you from afar with a +0 halberd!
The gnoll barely misses you.
You barely miss the gnoll.
The gnoll hits you from afar with a +0 halberd.
The gnoll hits you with a +0 flail.
You hit the gnoll but do no damage.
The gnoll hits you from afar with a +0 halberd.
You hit the gnoll but do no damage. The gnoll barely misses you.
The gnoll hits you with a +0 flail. The gnoll barely misses you.
You hit the gnoll.
The gnoll is moderately wounded.
The gnoll closely misses you. You block the gnoll's attack. x2
You puncture the gnoll!
The gnoll is almost dead.
The gnoll hits you from afar with a +0 halberd.
* * * LOW HITPOINT WARNING * * *
The gnoll hits you with a +0 flail.
* * * LOW HITPOINT WARNING * * *
The gnoll hits you but does no damage.
Unknown command.
The gnoll hits you with a +0 flail.
You die...

#........#..#...###
.......#..................
.......#......#...........
.......#......#...........
.......#......#...........
.......#......#...........
.......#........).......#.
......g#g...........#.#.#.
......bg.@............#.#.
.......###+#.#.).<......#.
.......###.#.....#####....
..####.....#..............
. #.....#..............
#.....#..............
###....................
...................#+#.
...................#.#.


You could see 3 gnolls and a bat.

Vanquished Creatures
  Terence (D:2)
  2 adders (D:2)
  A gnoll (D:2)
  A dart slug (D:1)
  3 ball pythons
  3 endoplasms
  5 goblins
  A hobgoblin (D:1)
  10 jackals (D:1)
  A kobold (D:1)
  2 quokkas (D:1)
  A bat (D:1)
  2 frilled lizards
  2 rats (D:1)
35 creatures vanquished.

Notes
Turn   | Place    | Note
-------+----------+-------------------------------------------
     0 | D:1      | apoch the Merfolk Fighter began the quest for the Orb.
     0 | D:1      | Reached XP level 1. HP: 18/18 MP: 1/1
    51 | D:1      | Reached skill level 3 in Polearms
    55 | D:1      | Reached XP level 2. HP: 17/24 MP: 2/2
   218 | D:1      | Reached skill level 4 in Polearms
   406 | D:1      | Reached XP level 3. HP: 23/29 MP: 3/3
   722 | D:2      | Noticed Terence
   733 | D:2      | Killed Terence
   734 | D:2      | Reached skill level 5 in Polearms
   734 | D:2      | Reached XP level 4. HP: 27/35 MP: 4/4
   888 | D:2      | Reached skill level 6 in Polearms
   935 | D:2      | Slain by a gnoll

Illustrated notes

Levels and vault maps discovered:
D:1:      denvon_arrival_waterhouse, layout_basic, minmay_tree_intersection
D:2:      layout_basic, uniq_terence

Skill      XL: |  1  2  3  4 |
---------------+-------------+-----
Polearms       | 3 4 5 6 |  6.3
Fighting       | |  3.2
Armour         | |  2.1
Shields        | |  3.0

Action                     |  1- 3 |  4- 6 || total
---------------------------+-------+-------++-------
  Melee: Trident           |    83 |    35 ||   118
  Throw: Stone             |     6 |     3 ||     9
 Armour: Scale mail        |    49 |       ||    49
         Chain mail        |       |    13 ||    13
  Dodge: Dodged            |    28 |    14 ||    42
  Block: Buckler           |    19 |     7 ||    26
